 Dungeon Crawl Stone Soup version 0.19.5 (webtiles) character file.

164 Shoikan the Cudgeler (level 5, -4/45 HPs)
             Began as a Minotaur Berserker on Mar 10, 2017.
             Was a Believer of Trog.
             Slain by a gnoll
             ... wielding a +0 halberd
              (16 damage)
             ... on level 3 of the Dungeon.
             The game lasted 00:12:40 (1780 turns).

Shoikan the Cudgeler (Minotaur Berserker)           Turns: 1780, Time: 00:12:41

Health: -4/45      AC:  3    Str: 21    XL:     5   Next: 21%
Magic:  4/4        EV: 12    Int:  4    God:    Trog [**....]
Gold:   110        SH:  0    Dex: 11    Spells: 0 memorised, 4 levels left

rFire  x . .     SeeInvis .     a - +0 mace
rCold  + . .     Gourm    .     e - +0 leather armour
rNeg   . . .     Faith    .     (no shield)
rPois  .         Spirit   .     (helmet restricted)
rElec  .         Reflect  .     (no cloak)
rCorr  .         Harm     .     (no gloves)
MR     .....                    (no boots)
Stlth  +.........               (no amulet)
                                (no ring)
                                b - ring of ice

@: no status effects
A: retaliatory headbutt, horns 2
a: Berserk, Trog's Hand, Burn Spellbooks, Renounce Religion


You were on level 3 of the Dungeon.
You worshipped Trog.
Trog was pleased with you.
You were not hungry.

You visited 1 branch of the dungeon, and saw 3 of its levels.

You collected 110 gold pieces.

Inventory:

Hand Weapons
 a - a +0 mace (weapon)
 i - a +3 short sword
Armour
 e - a +0 leather armour (worn)
Jewellery
 b - a ring of ice (left hand)
Wands
 m - a wand of polymorph (7/24)
Scrolls
 d - a scroll of fog {unknown}
 g - a scroll of remove curse
 h - a scroll of recharging {unknown}
 j - a scroll of noise {unknown}
 n - a scroll of teleportation
Potions
 f - 3 potions of lignification {unknown}
 k - 2 potions of degeneration {unknown}
Comestibles
 c - a bread ration
 l - a meat ration


   Skills:
 - Level 3.6 Fighting
 + Level 7.2 Maces & Flails
 - Level 2.4 Armour
 - Level 2.1 Dodging


You had 4 spell levels left.
You didn't know any spells.

Dungeon Overview and Level Annotations

Branches:
Dungeon (3/15)

Altars:


Innate Abilities, Weirdness & Mutations

You reflexively headbutt those who attack you in melee.
You have a pair of horns on your head.


Message History

The gnoll misses you. You furiously retaliate!
You headbutt the gnoll!
You kill the gnoll!
Trog accepts your kill. The gnoll barely misses you.
The gnoll hits you with a halberd!
Items here: ( )) †† a club x2; a throwing net; a gnoll corpse x2
You completely miss the gnoll. You headbutt the gnoll.
The gnoll is lightly wounded.
You sock the gnoll!
The gnoll is almost dead.
The gnoll hits you with a halberd.
* * * LOW HITPOINT WARNING * * *
You closely miss the gnoll.
The gnoll is almost dead.
The gnoll misses you.
You hit the gnoll.
The gnoll is almost dead.
The gnoll hits you with a halberd!
You die...

#.## #... .. ...#.
.... ... # #.# #.
#<##.###.# ##.##
#..†.@g..# ...#
####'##### #..#
##...## ##..#
##.....## .####...#
##.......##
........###.........#
..........'....>....+
###....###.........#
##.#.####.......##


You could see a gnoll.

Vanquished Creatures
  Natasha (thrice) (D:2)
  2 gnolls (D:3)
  3 oozes (D:1)
  A worm (D:2)
  3 dart slugs
  4 giant cockroaches
  4 goblins
  7 hobgoblins
  3 jackals (D:3)
  A quokka (D:2)
  6 bats
  3 frilled lizards
  6 kobolds
  6 rats (D:1)
52 creatures vanquished.

Notes
Turn   | Place    | Note
-------+----------+-------------------------------------------
     0 | D:1      | Shoikan the Minotaur Berserker began the quest for the Orb.
     0 | D:1      | Reached XP level 1. HP: 19/19 MP: 0/0
    57 | D:1      | Reached skill level 4 in Maces & Flails
   172 | D:1      | Reached XP level 2. HP: 25/26 MP: 1/1
   335 | D:1      | Reached skill level 5 in Maces & Flails
   352 | D:1      | Reached XP level 3. HP: 29/31 MP: 2/2
   717 | D:1      | Reached ** piety under Trog
  1060 | D:2      | Noticed Natasha
  1066 | D:2      | Killed Natasha
  1066 | D:2      | Reached skill level 6 in Maces & Flails
  1066 | D:2      | Reached XP level 4. HP: 39/39 MP: 3/3
  1244 | D:2      | Noticed Natasha
  1252 | D:2      | Killed Natasha
  1485 | D:2      | Noticed Natasha
  1492 | D:2      | Killed Natasha
  1511 | D:2      | Reached XP level 5. HP: 28/45 MP: 4/4
  1771 | D:3      | Reached skill level 7 in Maces & Flails
  1780 | D:3      | Slain by a gnoll

Skill      XL: |  1  2  3  4  5 |
---------------+----------------+-----
Maces & Flails | 4 5 6 7 |  7.2
Fighting       | |  3.6
Armour         | |  2.4
Dodging        | |  2.1

Action                   |  1- 3 |  4- 6 || total
-------------------------+-------+-------++-------
Melee: Mace              |    66 |    30 ||    96
       Headbutt          |    10 |     4 ||    14
Invok: Berserk           |     1 |       ||     1
  Use: Scroll            |     3 |       ||     3
  Eat: Chunk             |       |     4 ||     4
Armor: Animal skin       |     4 |       ||     4
       Leather armour    |    10 |     5 ||    15
Dodge: Dodged            |    57 |    27 ||    84
